 Dungeon Crawl Stone Soup version 0.27-a0-1555-g0e7b3fb1d2 (webtiles) character file.

Game seed: 3554374642353359444

107 Sin92 the Skirmisher (level 4, 0/36 HPs)
             Began as a Demonspawn Fighter on July 14, 2021.
             Slain by a black bear (2 damage)
             ... on level 3 of the Dungeon.
             The game lasted 00:02:49 (2306 turns).

Sin92 the Skirmisher (Demonspawn Fighter)           Turns: 2306, Time: 00:02:49

Health: 0/36       AC: 10    Str: 16    XL:     4   Next: 57%
Magic:  4/4        EV:  7    Int:  9    God:
Gold:   104        SH: 13    Dex: 14    Spells: 3/3 levels left

rFire    . . .     SeeInvis .   a - +0 long sword
rCold    . . .     Faith    .   c - +0 kite shield
rNeg     . . .     Spirit   .   b - +0 scale mail
rPois    .         Reflect  .   (no helmet)
rElec    .         Harm     .   (no cloak)
rCorr    .         Rampage  .   (no gloves)
Will     .....                  g - +0 pair of boots
Stlth    ..........             (no amulet)
HPRegen  0.12/turn              (no ring)
MPRegen  0.09/turn              (no ring)

@: mighty
A: yellow scales 1, condensation shield
a: no special abilities


You were on level 3 of the Dungeon.
You visited 1 branch of the dungeon, and saw 6 of its levels.

You collected 104 gold pieces.

Inventory:

Hand Weapons
 a - a +0 long sword (weapon)
Missiles
 i - a throwing net (quivered)
Armour
 b - a +0 scale mail (worn)
 c - a +0 kite shield (worn)
 g - a +0 pair of boots (worn)
Wands
 k - a wand of iceblast (9)
Scrolls
 h - a scroll of immolation
Potions
 l - a potion of magic


   Skills:
 + Level 3.6 Fighting
 + Level 2.5 Long Blades
 + Level 3.3 Armour
 + Level 1.4 Dodging
 + Level 3.2 Shields


You had 3 spell levels left.
You didn't know any spells.
Your spell library contained the following spells:

 Spells                   Type           Power      Damage    Failure   Level
 Static Discharge         Conj/Air       0%         N/A       100%        2
 Stone Arrow              Conj/Erth      0%         3d7       100%        3
 Tukima's Dance           Hex            0%         N/A       100%        3
 Animate Armour           Summ/Erth      0%         N/A       100%        4
 Passage of Golubria      Tloc           N/A        N/A       100%        4
 Lightning Bolt           Conj/Air       0%         1d11      100%        5
 Yara's Violent Unravell  Hex/Tmut       0%         3d3       100%        5
 Lehudib's Crystal Spear  Conj/Erth      0%         10d2      100%        8
 Maxwell's Capacitive Co  Air            0%         ∞         100%        8


Dungeon Overview and Level Annotations

Branches:
Dungeon (6/15)
 Temple: D:4-7

Altars:

Shops:
D:2 =


Innate Abilities, Weirdness & Mutations

You are partially covered in yellow scales. (AC +2)
A meltable shield of frost defends you. (SH +4)


Message History

The black bear is heavily wounded.
You block the black bear's attack. x2; The black bear misses you.
Unknown command.
You closely miss the black bear.
The black bear is heavily wounded.
The black bear bites you. You block the black bear's attack.
The black bear claws you but does no damage.
The black bear bites you.
* * * LOW HITPOINT WARNING * * *
The black bear claws you.
* * * LOW HITPOINT WARNING * * *
The black bear barely misses you.
You closely miss the black bear.
The black bear is heavily wounded.
You feel your willpower return. You block the black bear's attack.
The black bear claws you.
* * * LOW HITPOINT WARNING * * *
You block the black bear's attack.
Unknown command.
You hit the black bear but do no damage.
The black bear is heavily wounded.
The black bear bites you.
* * * LOW HITPOINT WARNING * * *
You block the black bear's attack. x2; The black bear barely misses you.
You riposte.
You hit the black bear.
The black bear is severely wounded.
The black bear claws you but does no damage.
You block the black bear's attack.
You feel very mighty all of a sudden.
The black bear bites you but does no damage.
You block the black bear's attack.
The black bear claws you but does no damage.
You barely miss the black bear.
The black bear is severely wounded.
The black bear bites you but does no damage.
The black bear claws you but does no damage. x2
You hit the black bear.
The black bear is severely wounded.
The black bear goes berserk!
The black bear bites you.
You die...

...'.........+...................
####.........####...#.########...
# ##.......######.#..# #...
##.....####..##..## #.†#
##...####...[....## #..# ##'##
#.....(....# #... ### #.#
#..........# #.## ..# #.#
##........## #.# #.# ##.##
##..@.....## #.# #.#
##...###....h.....# #.# #.#
#.................# #.# #.#
##...####........## #.# #.#
####.######..##..## #.##
#.###...............## #...
#.........########### ####
#####.##..# #.##..# ########


You could see a black bear (berserk).

Vanquished Creatures
  Ijyb (D:3)
  A gnoll (D:1)
  3 worms (D:2)
  2 dart slugs
  6 ball pythons
  4 endoplasms
  2 giant cockroaches
  4 goblins
  4 hobgoblins (D:1)
  6 jackals (D:1)
  5 kobolds
  3 quokkas
  6 bats
  5 frilled lizards
  4 rats
56 creatures vanquished.

Vanquished Creatures (others)
  4 plants
4 creatures vanquished.

Grand Total: 60 creatures vanquished

Notes
Turn   | Place    | Note
-------+----------+-------------------------------------------
     0 | D:1      | Sin92 the Demonspawn Fighter began the quest for the Orb.
     0 | D:1      | Reached XP level 1. HP: 18/18 MP: 1/1
    10 | D:1      | Gained mutation: A meltable shield of frost defends you.
                  | (SH +4) [demonic ancestry]
    10 | D:1      | Reached XP level 2. HP: 15/24 MP: 2/2
   421 | D:1      | Reached XP level 3. HP: 26/29 MP: 3/3
   558 | D:1      | Reached skill level 1 in Dodging
   565 | D:1      | Found a faded altar of an unknown god.
  1367 | D:2      | Found Wiomp's Jewellery Shoppe.
  1413 | D:2      | Gained mutation: You are partially covered in yellow
                  | scales. (AC +2) [demonic ancestry]
  1413 | D:2      | Reached XP level 4. HP: 32/35 MP: 4/4
  1677 | D:3      | Noticed Ijyb
  1699 | D:3      | Killed Ijyb
  2260 | D:3      | You fall into a shaft and drop 3 floors!
  2264 | D:5      | Entered Level 5 of the Dungeon
  2264 | D:5      | Noticed a black bear
  2306 | D:3      | Slain by a black bear

Illustrated notes

Levels and vault maps discovered:
D:1:      eino_arrival_water_cross, layout_loops_ring,
          chequers_ecumenical_altar_simple_redux
D:2:      layout_rooms, serial_shops, shop_statue
D:3:      layout_loops_corners, minmay_misc_feat_enclosed, st_stairs_5,
          uniq_ijyb
D:4:      layout_basic, minmay_misc_feat_more_columns, serial_bayou_pond_c,
          minivault_14, kennysheep_opposing_triangles
D:5:      layout_loops_cross, led_xom_imps, kennysheep_little_box,
          nicolae_ru_great_annihilating_truth, minmay_temple_entry_large_hall,
          minmay_crystal_room, small_statue_intersection
D:6:      layout_basic, nicolae_shop_sticking_my_neck_out, uniq_pikel

Skill      XL: |  1  2  3 |
---------------+----------+-----
Long Blades    | 2 |  2.5
Armour         | 3 |  3.3
Dodging        | 1 |  1.4
Shields        | 3 |  3.2
Fighting       | |  3.6

Action                   |  1- 3 |  4- 6 || total
-------------------------+-------+-------++-------
Melee: Long sword        |   135 |    74 ||   209
  Use: Scroll            |     3 |     3 ||     6
       Potion            |     1 |     4 ||     5
Armor: Scale mail        |    50 |    55 ||   105
Dodge: Dodged            |    35 |    29 ||    64
Block: Kite shield       |   117 |    88 ||   205
       Rpst.: Long sword |     9 |    12 ||    21

Table legend: (Time is in decaauts)
 A = Elapsed time spent in this place.
 B = Non-inter-level travel time spent in this place.
 C = Inter-level travel time spent in this place.
 D = Time resting spent in this place.
 E = Time spent auto-exploring this place.
 F = Levels seen in this place.
 G = Mean time per level.
                   A        B        C        D        E       F      G
               +--------+--------+--------+--------+--------+-----+--------+
         Total |   2416 |   2373 |     43 |      0 |   1816 |   6 |  402.7 |
       Dungeon |   2416 |   2373 |     43 |      0 |   1816 |   6 |  402.7 |
               +--------+--------+--------+--------+--------+-----+--------+

Top non-repeatable levels by time:
     D:1: 1067 daAuts
     D:3: 719 daAuts
     D:2: 595 daAuts
     D:4: 18 daAuts
     D:5: 12 daAuts
     D:6: 3 daAuts
